 Dungeon Crawl Stone Soup version 0.20.0-15-g7f486f2 (webtiles) character file.

54 esteth the Changer (level 3, 0/23 HPs)
             Began as an Octopode Transmuter on June 15, 2017.
             Slain by a goblin
             ... wielding a +0 dagger
             ... led by Robin
              (7 damage)
             ... on level 2 of the Dungeon.
             The game lasted 00:04:26 (1370 turns).

esteth the Changer (Octopode Transmuter)            Turns: 1370, Time: 00:04:27

Health: 0/23       AC:  1    Str:  9    XL:     3   Next: 91%
Magic:  0/6        EV: 13    Int: 16    God:
Gold:   45         SH:  0    Dex: 12    Spells: 5/6 levels left

rFire    . . .     SeeInvis .     - Unarmed
rCold    . . .     Gourm    .   (no shield)
rNeg     . . .     Faith    .   (helmet restricted)
rPois    .         Spirit   +   l - amulet of guardian spirit
rElec    .         Reflect  .   (no ring)
rCorr    .         Harm     .   (no ring)
MR       .....                  (no ring)
Stlth    ++........             (no ring)
Regen    0.1/turn               (no ring)
MPRegen  0.1/turn               (no ring)
                                (no ring)
                                (no ring)

@: appendage
A: almost no armour, stealthy swim, amphibious, 8 rings, constrict 8, tentacle
spike 3, camouflage 1, gelatinous body 1
a: End Transformation


You were on level 2 of the Dungeon.
You were hungry.
One of your tentacles had a temporary spike.
You visited 1 branch of the dungeon, and saw 2 of its levels.

You collected 45 gold pieces.

Inventory:

Missiles
 a - 12 arrows
Jewellery
 h - an uncursed amulet of faith
 l - an amulet of guardian spirit (around mantle)
Scrolls
 g - 2 scrolls of remove curse {unknown}
 i - a scroll of teleportation {unknown}
 m - a scroll of immolation {unknown}
 n - 2 scrolls of amnesia {unknown}
 o - a scroll of magic mapping {unknown}
Potions
 e - 2 potions of heal wounds {unknown}
 k - 2 potions of curing {unknown}
 p - a potion of lignification {unknown}
Books
 b - a book of Changes

   Spells                             Type                      Level
   a - Beastly Appendage              Transmutation                1
   b - Sticks to Snakes               Transmutation                2
   c - Spider Form                    Transmutation/Poison         3
   d - Ice Form                       Ice/Transmutation            4
   e - Blade Hands                    Transmutation                5
Comestibles
 c - 3 bread rations
 d - 3 chunks of flesh
 f - a fruit
 j - 2 meat rations


   Skills:
 - Level 1.0 Fighting
 - Level 2.0 Dodging
 - Level 3.0 Unarmed Combat
 - Level 2.0 Spellcasting
 + Level 4.0 Transmutations


You had 5 spell levels left.
You knew the following spells:

 Your Spells              Type           Power        Failure   Level  Hunger
a - Beastly Appendage     Tmut           ##....       3%          1    #......


Dungeon Overview and Level Annotations

Branches:
Dungeon (2/15)

Altars:
Yredelemnul

Annotations:
D:1 exclusion: gnoll
D:2 Robin


Innate Abilities, Weirdness & Mutations

You cannot wear most types of armour.
You are very stealthy in the water. (Stealth+)
You are amphibious.
You can wear up to eight rings at the same time.
You can use your tentacles to constrict eight enemies at once.
Your skin changes colour to match your surroundings (Stealth+).
Your rubbery body absorbs attacks. (AC +1, EV +1)
One of your tentacles bears a large vicious spike.


Message History

Robin roars a battlecry!
The goblins go into a battle-frenzy!
You tentacle-slap the hobgoblin but do no damage.
Your grab misses the hobgoblin. You tentacle-slap the hobgoblin.
You kill the hobgoblin!
The goblin closely misses you.
The goblin unwields an uncursed club.
The goblin wields a hunting sling.
The goblin shoots a stone.
The stone hits you! Robin throws the goblin at you!
A goblin comes into view. It is wielding a club.
You barely miss the goblin. Your grab misses the goblin.
Your squeeze misses the goblin. The goblin closely misses you.
The goblin hits you with a dagger.
You barely miss the goblin. Your grab misses the goblin.
The goblin closely misses you. The goblin hits you with a dagger.
Robin moves out of view.
A goblin comes into view.
You closely miss the goblin. You grab the goblin. You constrict the goblin.
The goblin moves out of view.
The goblin hits you but does no damage. The goblin hits you with a dagger!
You die... ## #. ##. .. .gg ########.## #lg

..<##.....# #g# ......##
#g# .......# #g#
....##(#####.# #@#
....##.......# #g#
....###'########'######
####.....####.........#
#..+........#.........#
#.##..##.##.#)........#
....###...###..)......#
###.##.....##.........#
#.#.......####'#######...


You could see Robin, a leopard gecko, a hobgoblin and 5 goblins.

Vanquished Creatures
  2 adders (D:2)
  A leopard gecko (D:1)
  2 bats (D:1)
  4 giant cockroaches
  8 goblins
  4 hobgoblins
  2 quokkas (D:2)
  3 kobolds (D:1)
  5 rats
31 creatures vanquished.

Notes
Turn   | Place    | Note
-------+----------+-------------------------------------------
     0 | D:1      | esteth the Octopode Transmuter began the quest for the Orb.
     0 | D:1      | Reached XP level 1. HP: 13/13 MP: 3/3
   353 | D:1      | Reached XP level 2. HP: 13/18 MP: 0/5
   548 | D:1      | Reached skill level 3 in Transmutations
   850 | D:2      | Found a basalt altar of Yredelemnul.
   879 | D:2      | Reached XP level 3. HP: 20/23 MP: 4/6
  1359 | D:2      | Reached skill level 4 in Transmutations
  1360 | D:2      | Noticed Robin
  1370 | D:2      | Slain by a goblin

Skill      XL: |  1  2  3 |
---------------+----------+-----
Transmutations | 3 4 |  4.0
Fighting       | |  1.0
Dodging        | |  2.0
Unarmed Combat | |  3.0
Spellcasting   | |  2.0

Action                   || total
-------------------------++-------
Melee: Unarmed           ||    74
       Constrict         ||    18
       Tentacles         ||    15
       Kick              ||    11
       Punch             ||     1
 Cast: Beastly Appendage ||     7
  Use: Scroll            ||     2
 Stab: Sleeping          ||     3
  Eat: Chunk             ||     1
Armor: Skin              ||     8
Dodge: Dodged            ||    44
